AoeStats
← Strongtor

Nomad

509470956Analyzed
2v2 RM · 4d ago on Sep 26, 2026· 21m 31s· 4 players
Game mode
Random Map
Map size
176×176
Population
200
Speed
Normal
Resources
Standard
Victory
Conquest
Starting age
Dark Age
Ending age
Imperial Age
RankedLock teamsTeams togetherTeam positionsShared explorationLock speedFull tech treeHidden civsTurbo modeCheats
Victory
Defeat
🇩🇪 Muisca · Germany
973
+16
🇨🇿 Persians · Czechia
942
+17
🇭🇰 Huns · Hong Kong SAR China
1012
-18
🇩🇪 Cumans · Germany
938
-15
xSercho
7:15 Loom
15:58 Feudal Age
16:49 Double-Bit Axe
18:06 Champi Runner
19:03 Fletching
19:13 Padded Archer Armor
19:42 Scale Mail Armor
19:48 Padded Archer Armor
Strongtor
6:08 Loom
14:22 Feudal Age
18:49 Castle Age
17:04 Bloodlines
16:47 Fishing Lines
18:17 Horse Collar
Walls vs Zombies 2009
松本一香
13:05 Feudal Age
14:46 Double-Bit Axe
17:05 Castle Age
15:42 Horse Collar
18:49 Fletching
19:00 Padded Archer Armor
19:24 Bow Saw
20:34 Bodkin Arrow
21:26 Gold Mining
Connection lost

Rejoining the realm…

Still unreachable

The connection could not be restored.

Session expired

The server has moved on; the page needs a fresh start.